AoeStats
← Poiu ♡

MegaRandom

510240899Analyzed
4v4 RM · 3d ago on Sep 30, 2026· 53m 16s· 8 players
Game mode
Random Map
Map size
Large (8 player)
Population
200
Speed
Normal
Resources
Standard
Victory
Conquest
Starting age
Dark Age
Ending age
Imperial Age
RankedLock teamsTeams togetherTeam positionsShared explorationLock speedFull tech treeHidden civsTurbo modeCheats
Victory
Defeat
🇺🇸 Huns · United States
937
+15
🇳🇴 Varangians · Norway
931
+16
🇨🇿 Magyars · Czechia
869
+18
🇩🇪 Sicilians · Germany
842
+20
🇺🇸 Vietnamese · United States
941
-18
🇵🇪 Varangians · Peru
933
-18
🇻🇳 Franks · Vietnam
922
-17
🇦🇷 Burmese · Argentina
891
-16
mgaitaniella
9:29 Feudal Age
7:48 Loom
14:23 Wheelbarrow
13:35 Town Watch
17:34 Castle Age
16:31 Double-Bit Axe
16:37 Gold Mining
16:31 Horse Collar
19:12 Husbandry
19:35 Heavy Plow
21:59 Fletching
22:10 Padded Archer Armor
22:23 Bow Saw
23:30 Hand Cart
28:39 Imperial Age
26:23 Marauders
26:58 Bodkin Arrow
27:19 Leather Archer Armor
28:09 Gold Shaft Mining
27:26 Stone Mining
29:07 Forging
29:03 Scale Barding Armor
29:51 Parthian Tactics
30:51 Conscription
32:20 Iron Casting
33:18 Chain Barding Armor
33:09 Heavy Cavalry Archer
34:37 Bracer
37:16 Plate Barding Armor
37:42 Blast Furnace
37:13 Elite Tarkan
41:28 Atheism
45:10 Murder Holes
45:26 Masonry
45:36 Ballistics
46:43 Two-Man Saw
47:20 Caravan
47:31 Guilds
Walls vs Zombies 2009
1:40 Loom
9:31 Feudal Age
10:54 Wheelbarrow
11:43 Double-Bit Axe
14:18 Castle Age
14:52 Fletching
15:16 Bow Saw
14:58 Fletching
18:41 Horse Collar
19:08 Crossbowman
19:48 Bodkin Arrow
22:23 Hand Cart
22:52 Town Watch
23:08 Stone Mining
27:22 Imperial Age
25:18 Ballistics
26:18 Padded Archer Armor
27:45 Leather Archer Armor
27:07 Pikeman
27:48 Squires
28:59 Guilds
28:54 Bracer
28:59 Heavy Plow
28:50 Gold Mining
29:36 Stone Shaft Mining
28:56 Halberdier
29:43 Scale Mail Armor
29:53 Forging
29:07 Arbalester
30:33 Masonry
31:48 Crop Rotation
31:55 Gold Shaft Mining
31:08 Arson
32:30 Chain Mail Armor
32:50 Iron Casting
32:46 Elite Serjeant
33:50 Conscription
35:15 Chemistry
35:11 Plate Mail Armor
35:41 Blast Furnace
40:11 Hoardings
40:06 Siege Engineers
40:36 First Crusade
41:26 Murder Holes
43:11 Scale Barding Armor
44:58 Capped Ram
47:18 Siege Ram
Tomas18078
2:49 Loom
12:42 Feudal Age
15:03 Town Watch
15:08 Double-Bit Axe
15:35 Horse Collar
20:27 Castle Age
19:29 Bloodlines
21:39 Heavy Plow
21:52 Bow Saw
22:30 Husbandry
21:51 Light Cavalry
23:09 Scale Barding Armor
23:07 Scale Mail Armor
24:46 Chain Barding Armor
26:35 Wheelbarrow
27:31 Fletching
27:57 Chain Mail Armor
27:05 Pikeman
31:14 Imperial Age
32:13 Bodkin Arrow
32:13 Capped Ram
33:12 Halberdier
34:33 Hoardings
34:02 Corvinian Army
34:28 Hand Cart
34:44 Town Patrol
37:39 Conscription
39:51 Crop Rotation
41:27 Two-Man Saw
44:42 Plate Barding Armor
44:08 Bracer
44:40 Elite Magyar Huszar
45:18 Cavalier
46:44 Paladin
Poiu ♡
2:17 Loom
12:21 Feudal Age
14:27 Horse Collar
17:46 Castle Age
16:56 Double-Bit Axe
17:23 Scale Mail Armor
18:13 Forging
18:53 Squires
18:39 Arson
19:29 Gold Mining
21:03 Wheelbarrow
22:15 Chain Mail Armor
22:40 Gambesons
22:54 Fletching
25:01 Bow Saw
26:13 Heavy Plow
27:39 Iron Casting
26:59 Bodkin Arrow
26:45 Pikeman
29:18 Hand Cart
29:16 Scale Barding Armor
30:21 Town Watch
34:52 Imperial Age
34:03 Stone Mining
35:58 Conscription
35:42 Elite Varangian Guard
35:43 Halberdier
37:34 Plate Mail Armor
38:04 Blast Furnace
38:20 Gothikon
42:06 Bracer
kidman_de_kh
0:58 Loom
12:41 Feudal Age
13:07 Double-Bit Axe
14:02 Wheelbarrow
13:13 Town Watch
14:03 Horse Collar
19:10 Stone Mining
19:11 Gold Mining
23:06 Castle Age
22:26 Man-at-Arms
25:10 Hand Cart
25:05 Heavy Plow
25:18 Bow Saw
27:28 Stone Shaft Mining
27:27 Squires
29:58 Fletching
30:31 Ballistics
30:24 Fortified Wall
30:25 Masonry
30:11 Murder Holes
30:19 Padded Archer Armor
31:10 Bodkin Arrow
30:40 Elite Skirmisher
31:26 Thumb Ring
31:42 Town Patrol
32:10 Pikeman
36:13 Imperial Age
34:44 Forging
34:34 Scale Mail Armor
34:50 Leather Archer Armor
34:44 Arson
36:54 Halberdier
38:48 Chemistry
38:13 Paper Money
38:20 Imperial Skirmisher
TheRedox
1:21 Loom
10:51 Feudal Age
15:31 Castle Age
14:07 Arson
15:26 Horse Collar
15:35 Double-Bit Axe
15:40 Pikeman
16:21 Squires
16:06 Gambesons
21:46 Fletching
40:57 Fervor
COCO CARP
2:59 Loom
11:02 Feudal Age
17:47 Castle Age
16:05 Gold Mining
17:52 Wheelbarrow
17:03 Town Watch
20:54 Bloodlines
20:44 Husbandry
21:12 Husbandry
27:11 Hand Cart
26:56 Town Patrol
29:54 Imperial Age
29:56 Hand Cart
29:41 Town Patrol
31:30 Cavalier
42:06 Onager
42:58 Pikeman
43:38 Squires
43:24 Arson
nm18
6:07 Loom
10:53 Feudal Age
14:24 Castle Age
13:44 Double-Bit Axe
16:02 Wheelbarrow
15:13 Town Watch
15:39 Bow Saw
16:27 Stone Mining
16:58 Gold Mining
24:19 Hand Cart
24:24 Fletching
24:17 Treadmill Crane
27:51 Imperial Age
26:16 Forging
26:11 Scale Barding Armor
26:47 Husbandry
26:43 Bodkin Arrow
27:53 Cavalier
29:09 Iron Casting
28:55 Chain Barding Armor
29:43 Conscription
30:51 Blast Furnace
30:26 Paladin
32:17 Gold Shaft Mining
32:45 Plate Barding Armor
32:33 Ballistics
32:08 Murder Holes
33:15 Chemistry
37:16 Caravan
37:46 Coinage
37:15 Ordonnance Companies
37:16 Elite Throwing Axeman
37:58 Scale Mail Armor
38:00 Squires
37:46 Arson
39:53 Banking
41:52 Chain Mail Armor
42:10 Masonry
44:06 Plate Mail Armor
46:06 Chivalry
51:03 Hoardings
51:01 Architecture
Connection lost

Rejoining the realm…

Still unreachable

The connection could not be restored.

Session expired

The server has moved on; the page needs a fresh start.